Penguins vs Rangers
(R1)
Created - May 24, 2023 at 21:16
Goals
|
Penguins |
1 |
0 |
1 |
2 |
Rangers |
2 |
2 |
1 |
5 |
|
Shots
|
Penguins |
13 |
6 |
8 |
27 |
Rangers |
12 |
15 |
10 |
37 |
|
1st period
1. Rangers , Tomas Hertl 30 (Chris Mcallister 15) at 9:27
2. Penguins , Sebastian Aho 8 (Keith Aulie 34, JT Compher 10) at 12:38
3. Rangers , Maxime Sauvé 9 (T.J Galiardi 13, Stefan Noesen 13) at 14:46
Penalties :
Jake McCabe (NyR) for Tripping (Minor) at 0:36, Keith Aulie (Pit) for Holding (Minor) at 6:09
2nd period
4. Rangers , Maxime Sauvé 10 (Cale Makar 63, Jake McCabe 13) at 1:38
5. Rangers , Tomas Hertl 31 (Cale Makar 64) at 18:38
Penalties :
Sebastian Aho (Pit) for Hooking (Minor) at 3:06
3rd period
6. Penguins , Anze Kopitar 23 (Marcus Foligno 28, Timo Meier 10) at 0:48
7. Rangers , Cale Makar 14 (Sean Couturier 67) at 5:22 (PP)
Penalties :
Marcus Foligno (Pit) for Interference (Minor) at 5:21, Justin Schultz (Pit) for Goalie Interference (Minor) at 11:12, Brendan Gallagher (Pit) for Holding (Minor) at 14:03
Goalie Stats
Andrei Vasilevskiy (Pit), 32 saves from 37 shots - (0.865), L, 24-19-7, 60:00 minutes
Samuel Montembeault (NyR), 25 saves from 27 shots - (0.926), W, 9-16-4, 60:00 minutes
Players Stats for Penguins
Player Name G A P +/- PIM S H SB GA TA FO MP PP MP PK MP
------------------------------------------------------------------------------------
Anze Kopitar 1 0 1 1 0 7 3 0 0 0 10/28 20:51 0:56 4:14
Ben Lovejoy 0 0 0 -2 0 1 2 1 0 0 0/0 14:18 0:00 1:50
Brandon Tanev 0 0 0 -1 0 1 0 1 0 1 0/1 10:42 0:00 0:00
Brendan Gallagher 0 0 0 -2 2 4 2 0 0 0 0/1 15:51 0:56 0:00
Cal Clutterbuck 0 0 0 -1 0 2 2 0 0 0 0/1 15:23 0:00 3:57
Danny DeKeiser 0 0 0 2 0 1 3 1 1 0 0/0 27:27 1:18 4:02
Derek Stepan 0 0 0 -2 0 2 2 0 0 1 4/7 16:32 1:03 1:33
JT Compher 0 1 1 0 0 0 1 0 0 0 1/1 8:56 0:00 0:00
Justin Schultz 0 0 0 -2 2 0 6 1 0 0 0/0 19:05 0:41 3:09
Keith Aulie 0 1 1 2 2 0 1 3 0 1 0/0 26:22 1:18 2:58
Marcus Foligno 0 1 1 1 2 0 2 0 0 0 1/2 19:29 1:03 2:10
Marcus Johansson 0 0 0 -2 0 1 3 0 0 1 0/1 16:28 0:56 1:50
Max Reinhart 0 0 0 -1 0 2 2 0 0 0 0/4 14:26 0:00 2:10
Nick Leddy 0 0 0 -2 0 1 0 0 0 0 0/0 12:20 0:00 0:40
Oscar Klefbom 0 0 0 -2 0 0 1 0 0 1 0/0 19:31 0:41 3:15
Pavel Zacha 0 0 0 0 0 0 1 0 0 0 0/0 8:56 0:00 0:00
Sebastian Aho 1 0 1 0 2 4 0 0 0 0 0/7 9:42 0:00 0:00
Timo Meier 0 1 1 1 0 1 2 0 0 1 2/3 15:39 1:03 0:00
Players Stats for Rangers
Player Name G A P +/- PIM S H SB GA TA FO MP PP MP PK MP
------------------------------------------------------------------------------------
Brett Ponich 0 0 0 -1 0 0 1 0 0 0 0/0 12:53 0:00 0:52
Cale Makar 1 2 3 1 0 2 1 0 1 0 0/0 26:43 4:36 0:16
Chris Mcallister 0 1 1 2 0 1 1 1 2 0 0/0 15:55 0:03 0:51
Devante Smith-Pelly 0 0 0 2 0 3 3 0 0 0 1/3 18:40 3:39 0:21
Dmitry Kulikov 0 0 0 2 0 0 1 0 0 0 0/0 19:54 3:21 1:06
Henrik Samuelsson 0 0 0 -2 0 3 1 0 0 0 2/3 10:36 0:00 0:00
Jake McCabe 0 1 1 1 2 4 0 1 1 0 0/0 25:25 4:36 0:00
Josh Gorges 0 0 0 -1 0 0 0 0 0 0 0/0 13:19 0:00 0:53
Maxime Sauvé 2 0 2 2 0 2 4 0 0 1 0/0 8:55 0:00 0:00
Milan Lucic 0 0 0 0 0 5 0 0 1 0 0/1 22:28 4:15 1:08
Ondrej Palat 0 0 0 -2 0 3 1 1 0 0 0/0 13:55 3:39 0:00
Patrik Nemeth 0 0 0 2 0 1 0 0 0 0 0/0 19:39 3:21 0:51
Richard Panik 0 0 0 -2 0 1 1 0 0 0 0/0 10:23 0:03 0:00
Ryan Strome 0 0 0 0 0 0 1 1 0 0 2/3 21:12 4:15 0:00
Sean Couturier 0 1 1 0 0 2 3 1 1 0 25/37 22:07 4:15 0:55
Stefan Noesen 0 1 1 2 0 1 1 0 0 0 0/0 8:31 0:00 0:00
T.J Galiardi 0 1 1 2 0 1 0 0 0 0 0/0 8:55 0:03 0:00
Tomas Hertl 2 0 2 2 0 8 1 0 0 0 8/9 18:30 3:39 0:43
3 Stars
1 - Maxime Sauvé (NyR)
2 - Tomas Hertl (NyR)
3 - Cale Makar (NyR)
Power Play
Penguins - 0 on 1 Attempt(s) - 0.00%
Rangers - 1 on 5 Attempt(s) - 20.00%
Penalty Kill
Penguins - 4 on 5 Attempt(s) - 80.00%
- Score 0 goal in Penalty Kill
Rangers - 1 on 1 Attempt(s) - 100.00%
- Score 0 goal in Penalty Kill
Team Stat
Penguins - Hits : 33 - Faceoff Wins : 18 - Blocked Shots : 7 - Penalty Minutes : 10
Rangers - Hits : 20 - Faceoff Wins : 38 - Blocked Shots : 5 - Penalty Minutes : 2
Official
Referees : Wes McCauley and Kendrick Nicholson
Linesman : Libor Suchanek and Derek Amell
Game Notes
No Game Note
Finance
Level 1 -- Attendance: 6000 (100.00%) -- Ticket Income $600,000
Level 2 -- Attendance: 4993 (99.86%) -- Ticket Income $299,580
Level 3 -- Attendance: 1889 (94.45%) -- Ticket Income $66,115
Level 4 -- Attendance: 3668 (91.70%) -- Ticket Income $91,700
Luxury Box -- Attendance: 1000 (100.00%) -- Ticket Income $200,000
Game was played at the Madison Square Garden.
Total Attendance: 17550 (97.50%)
Total Ticket Income: $1,257,395
Other Income: $188,609
Total Income: $1,446,004
Penguins
5 vs 5 Forward
Center Left Wing Right Wing Time % Phy DF OF
1 Anze Kopitar Timo Meier Marcus Foligno 40 1 2 2
2 Derek Stepan Marcus Johansson Brendan Gallagher 30 1 2 2
3 Max Reinhart Brandon Tanev Cal Clutterbuck 20 1 2 2
4 Sebastian Aho Pavel Zacha JT Compher 10 1 2 2
5 vs 5 Defense
Defense Defense Time % Phy DF OF
1 Danny DeKeiser Keith Aulie 40 1 2 2
2 Oscar Klefbom Justin Schultz 30 1 2 2
3 Nick Leddy Ben Lovejoy 20 1 2 2
4 Danny DeKeiser Keith Aulie 10 1 2 2
PowerPlay Forward
Center Left Wing Right Wing Time % Phy DF OF
1 Anze Kopitar Marcus Johansson Brendan Gallagher 60 1 2 2
2 Derek Stepan Timo Meier Marcus Foligno 40 1 2 2
PowerPlay Defense
Defense Defense Time % Phy DF OF
1 Danny DeKeiser Keith Aulie 60 1 2 2
2 Oscar Klefbom Justin Schultz 40 1 2 2
Penalty Kill 4 Players Forward
Center Wing Time % Phy DF OF
1 Anze Kopitar Cal Clutterbuck 60 1 2 2
2 Max Reinhart Marcus Foligno 40 1 2 2
Penalty Kill 4 Players Defense
Defense Defense Time % Phy DF OF
1 Danny DeKeiser Keith Aulie 60 1 2 2
2 Oscar Klefbom Justin Schultz 40 1 2 2
Penalty Kill - 3 Players Forward
Forward Time % Phy DF OF
1 Cal Clutterbuck 60 1 2 2
2 Max Reinhart 40 1 2 2
Penalty Kill - 3 Players Defense
Defense Defense Time % Phy DF OF
1 Danny DeKeiser Keith Aulie 60 1 2 2
2 Oscar Klefbom Justin Schultz 40 1 2 2
4 vs 4 Forward
Center Wing Time % Phy DF OF
1 Anze Kopitar Brendan Gallagher 60 1 2 2
2 Derek Stepan Marcus Johansson 40 1 2 2
4 vs 4 Defense
Defense Defense Time % Phy DF OF
1 Danny DeKeiser Keith Aulie 60 1 2 2
2 Oscar Klefbom Justin Schultz 40 1 2 2
Last Minutes Offensive
Center Left Wing Right Wing Defense Defense
Anze Kopitar Timo Meier Brendan Gallagher Danny DeKeiser Keith Aulie
Last Minutes Defensive
Center Left Wing Right Wing Defense Defense
Max Reinhart Brandon Tanev Cal Clutterbuck Danny DeKeiser Keith Aulie
Goaltenders
Starting : Andrei Vasilevskiy
Backup : Jonathan Quick
Extra Forwards
Normal : Brendan Gallagher, Marcus Johansson, Cal Clutterbuck - PP : Brendan Gallagher, Marcus Johansson - PK : Anze Kopitar
Extra Defensemen
Normal : Danny DeKeiser, Justin Schultz, Ben Lovejoy - PP : Nick Leddy - PK : Danny DeKeiser, Justin Schultz
Penalty Shots
Anze Kopitar, Derek Stepan, Brendan Gallagher, Marcus Johansson, Timo Meier
Scratches
Paul Stastny (Healthy), Vladimir Mihalik (Healthy)
Rangers
5 vs 5 Forward
Center Left Wing Right Wing Time % Phy DF OF
1 Sean Couturier Milan Lucic Ryan Strome 40 1 2 2
2 Tomas Hertl Chris Mcallister Devante Smith-Pelly 30 1 2 2
3 Henrik Samuelsson Ondrej Palat Richard Panik 20 1 2 2
4 Maxime Sauvé T.J Galiardi Stefan Noesen 10 1 2 2
5 vs 5 Defense
Defense Defense Time % Phy DF OF
1 Cale Makar Jake McCabe 40 1 2 2
2 Dmitry Kulikov Patrik Nemeth 30 1 2 2
3 Brett Ponich Josh Gorges 20 1 2 2
4 Cale Makar Jake McCabe 10 1 2 2
PowerPlay Forward
Center Left Wing Right Wing Time % Phy DF OF
1 Sean Couturier Milan Lucic Ryan Strome 60 1 2 2
2 Tomas Hertl Ondrej Palat Devante Smith-Pelly 40 1 2 2
PowerPlay Defense
Defense Defense Time % Phy DF OF
1 Cale Makar Jake McCabe 60 1 2 2
2 Dmitry Kulikov Patrik Nemeth 40 1 2 2
Penalty Kill 4 Players Forward
Center Wing Time % Phy DF OF
1 Sean Couturier Milan Lucic 60 1 2 2
2 Tomas Hertl Chris Mcallister 40 1 2 2
Penalty Kill 4 Players Defense
Defense Defense Time % Phy DF OF
1 Dmitry Kulikov Jake McCabe 60 1 2 2
2 Josh Gorges Patrik Nemeth 40 1 2 2
Penalty Kill - 3 Players Forward
Forward Time % Phy DF OF
1 Sean Couturier 60 1 2 2
2 Tomas Hertl 40 1 2 2
Penalty Kill - 3 Players Defense
Defense Defense Time % Phy DF OF
1 Dmitry Kulikov Jake McCabe 60 1 2 2
2 Josh Gorges Patrik Nemeth 40 1 2 2
4 vs 4 Forward
Center Wing Time % Phy DF OF
1 Sean Couturier Milan Lucic 60 1 2 2
2 Tomas Hertl Chris Mcallister 40 1 2 2
4 vs 4 Defense
Defense Defense Time % Phy DF OF
1 Dmitry Kulikov Jake McCabe 60 1 2 2
2 Josh Gorges Patrik Nemeth 40 1 2 2
Last Minutes Offensive
Center Left Wing Right Wing Defense Defense
Sean Couturier Milan Lucic Ryan Strome Dmitry Kulikov Jake McCabe
Last Minutes Defensive
Center Left Wing Right Wing Defense Defense
Sean Couturier Milan Lucic Ryan Strome Dmitry Kulikov Jake McCabe
Goaltenders
Starting : Samuel Montembeault
Backup : Frederik Andersen
Extra Forwards
Normal : Devante Smith-Pelly, Chris Mcallister, Ondrej Palat - PP : Devante Smith-Pelly, Chris Mcallister - PK : Devante Smith-Pelly
Extra Defensemen
Normal : Patrik Nemeth, Brett Ponich, Cale Makar - PP : Patrik Nemeth - PK : Patrik Nemeth, Brett Ponich
Penalty Shots
Milan Lucic, Sean Couturier, Tomas Hertl, Ryan Strome, Devante Smith-Pelly
Scratches
Magnus Paajarvi (Healthy)
% Time on Ice - Penguins
Lines # - Real PCT - Wanted PCT - Time Play
Normal Forward
1 - 30% - 40% - 15:00
2 - 31% - 30% - 15:26
3 - 21% - 20% - 10:42
4 - 18% - 10% - 8:56
Normal Defense
1 - 38% - 40% - 18:47
2 - 33% - 30% - 16:17
3 - 23% - 20% - 11:40
4 - 7% - 10% - 3:20
PP Forward
1 - 47% - 60% - 0:56
2 - 53% - 40% - 1:03
PP Defense
1 - 66% - 60% - 1:18
2 - 34% - 40% - 0:41
PK Forward
1 - 73% - 60% - 5:47
2 - 27% - 40% - 2:10
PK Defense
1 - 59% - 60% - 4:42
2 - 41% - 40% - 3:15
PK3 Forward
1 - 0% - 60%
2 - 0% - 40%
PK3 Defense
1 - 0% - 60%
2 - 0% - 40%
44 Forward
1 - 0% - 60%
2 - 0% - 40%
44 Defense
1 - 0% - 60%
2 - 0% - 40%
Last Minute Offensive - 0:00
Last Minute Defensive - 0:00
Total
Forward - 60:00
Defense - 60:00
|
% Time on Ice - Rangers
Lines # - Real PCT - Wanted PCT - Time Play
Normal Forward
1 - 35% - 40% - 17:26
2 - 28% - 30% - 14:08
3 - 20% - 20% - 9:59
4 - 17% - 10% - 8:31
Normal Defense
1 - 38% - 40% - 19:04
2 - 33% - 30% - 16:30
3 - 23% - 20% - 11:21
4 - 6% - 10% - 3:09
PP Forward
1 - 54% - 60% - 4:18
2 - 46% - 40% - 3:39
PP Defense
1 - 58% - 60% - 4:36
2 - 42% - 40% - 3:21
PK Forward
1 - 64% - 60% - 1:16
2 - 36% - 40% - 0:43
PK Defense
1 - 69% - 60% - 1:22
2 - 31% - 40% - 0:37
PK3 Forward
1 - 0% - 60%
2 - 0% - 40%
PK3 Defense
1 - 0% - 60%
2 - 0% - 40%
44 Forward
1 - 0% - 60%
2 - 0% - 40%
44 Defense
1 - 0% - 60%
2 - 0% - 40%
Last Minute Offensive - 0:00
Last Minute Defensive - 0:00
Total
Forward - 60:00
Defense - 60:00
|
Play-by-Play
1st period
0:01 of 1st period - Sean Couturier wins face-off versus Anze Kopitar in neutral zone.
0:36 of 1st period - Minor Penalty to Jake McCabe for Tripping.
0:37 of 1st period - Anze Kopitar wins face-off versus Sean Couturier in Rangers zone.
0:41 of 1st period - Wrist shot by Brendan Gallagher.
0:41 of 1st period - Stopped by Samuel Montembeault with a rebound.
0:51 of 1st period - Wrist shot by Brendan Gallagher.
0:51 of 1st period - Deflect By Milan Lucic.
0:51 of 1st period - Stopped by Samuel Montembeault with a rebound.
1:07 of 1st period - Tomas Hertl is hit by Danny DeKeiser and loses puck.
1:49 of 1st period - Josh Gorges is hit by Justin Schultz.
2:29 of 1st period - Danny DeKeiser is hit by Devante Smith-Pelly and loses puck.
2:36 of 1st period - Penalty to Jake McCabe is over, Jake McCabe is back on ice.
2:53 of 1st period - Snap shot by Ondrej Palat.
2:53 of 1st period - Shot Misses the Net.
3:05 of 1st period - Richard Panik is hit by Cal Clutterbuck and loses puck.
3:24 of 1st period - Wrist shot by Max Reinhart.
3:24 of 1st period - Stopped by Samuel Montembeault with a rebound.
3:26 of 1st period - Wrist shot by Ben Lovejoy.
3:26 of 1st period - Stopped by Samuel Montembeault without a rebound.
3:27 of 1st period - JT Compher wins face-off versus Devante Smith-Pelly in Rangers zone.
3:27 of 1st period - Oscar Klefbom is hit by Dmitry Kulikov and loses puck.
3:52 of 1st period - Justin Schultz is hit by Maxime Sauvé and loses puck.
4:15 of 1st period - Milan Lucic is hit by Anze Kopitar and loses puck.
4:40 of 1st period - Dmitry Kulikov is hit by Max Reinhart and loses puck.
5:13 of 1st period - Snap shot by Sean Couturier.
5:13 of 1st period - Shot Misses the Net.
5:15 of 1st period - Slapshot by Jake McCabe.
5:15 of 1st period - Shot Misses the Net.
5:17 of 1st period - Snap shot by Sean Couturier.
5:17 of 1st period - Stopped by Andrei Vasilevskiy with a rebound.
5:39 of 1st period - Slapshot by Richard Panik.
5:39 of 1st period - Stopped by Andrei Vasilevskiy without a rebound.
5:40 of 1st period - Derek Stepan wins face-off versus Tomas Hertl in Penguins zone.
5:40 of 1st period - Derek Stepan is hit by Devante Smith-Pelly.
6:09 of 1st period - Minor Penalty to Keith Aulie for Holding.
6:10 of 1st period - Sean Couturier wins face-off versus Anze Kopitar in Penguins zone.
6:45 of 1st period - Snap shot by Devante Smith-Pelly.
6:45 of 1st period - Stopped by Andrei Vasilevskiy with a rebound.
7:07 of 1st period - Milan Lucic is hit by Marcus Foligno and loses puck.
7:14 of 1st period - Ben Lovejoy is hit by Ryan Strome and loses puck.
8:09 of 1st period - Penalty to Keith Aulie is over, Keith Aulie is back on ice.
8:16 of 1st period - Snap shot by T.J Galiardi.
8:16 of 1st period - Shot Misses the Net.
8:30 of 1st period - Wrist shot by Derek Stepan.
8:30 of 1st period - Stopped by Samuel Montembeault with a rebound.
8:32 of 1st period - Snap shot by Cal Clutterbuck.
8:32 of 1st period - Stopped by Samuel Montembeault without a rebound.
8:33 of 1st period - Henrik Samuelsson wins face-off versus Sebastian Aho in Rangers zone.
9:17 of 1st period - Snap shot by Milan Lucic.
9:17 of 1st period - Stopped by Andrei Vasilevskiy with a rebound.
9:27 of 1st period - Wrist shot by Tomas Hertl.
9:27 of 1st period - Goal by Tomas Hertl - Penguins : 0 - Rangers : 1.
9:28 of 1st period - Anze Kopitar wins face-off versus Sean Couturier in neutral zone.
9:37 of 1st period - Wrist shot by Milan Lucic.
9:37 of 1st period - Stopped by Andrei Vasilevskiy without a rebound.
9:38 of 1st period - Anze Kopitar wins face-off versus Sean Couturier in Penguins zone.
9:42 of 1st period - Icing by Keith Aulie.
9:43 of 1st period - Sean Couturier wins face-off versus Anze Kopitar in Penguins zone.
9:58 of 1st period - Wrist shot by Marcus Foligno.
9:58 of 1st period - Shot Misses the Net.
10:00 of 1st period - Snap shot by Marcus Foligno.
10:00 of 1st period - Shot Blocked by Ryan Strome.
10:36 of 1st period - Snap shot by Anze Kopitar.
10:36 of 1st period - Stopped by Samuel Montembeault without a rebound.
10:37 of 1st period - Tomas Hertl wins face-off versus Derek Stepan in Rangers zone.
10:37 of 1st period - Tomas Hertl is hit by Derek Stepan.
10:49 of 1st period - Wrist shot by Derek Stepan.
10:49 of 1st period - Shot Misses the Net.
11:27 of 1st period - Dmitry Kulikov is hit by Justin Schultz and loses puck.
12:16 of 1st period - Wrist shot by Sean Couturier.
12:16 of 1st period - Shot Misses the Net.
12:36 of 1st period - Slapshot by Keith Aulie.
12:36 of 1st period - Shot Misses the Net.
12:38 of 1st period - Wrist shot by Sebastian Aho.
12:38 of 1st period - Goal by Sebastian Aho - Penguins : 1 - Rangers : 1.
12:39 of 1st period - Anze Kopitar wins face-off versus Sean Couturier in neutral zone.
13:30 of 1st period - Icing by Danny DeKeiser.
13:31 of 1st period - Henrik Samuelsson wins face-off versus Sebastian Aho in Penguins zone.
14:07 of 1st period - Slapshot by Ryan Strome.
14:07 of 1st period - Shot Blocked by Justin Schultz.
14:17 of 1st period - Devante Smith-Pelly is hit by Marcus Johansson and loses puck.
14:44 of 1st period - Wrist shot by T.J Galiardi.
14:44 of 1st period - Stopped by Andrei Vasilevskiy with a rebound.
14:46 of 1st period - Wrist shot by Maxime Sauvé.
14:46 of 1st period - Goal by Maxime Sauvé - Penguins : 1 - Rangers : 2.
14:47 of 1st period - Timo Meier wins face-off versus Sean Couturier in neutral zone.
14:52 of 1st period - Snap shot by Anze Kopitar.
14:52 of 1st period - Stopped by Samuel Montembeault with a rebound.
14:58 of 1st period - Snap shot by Anze Kopitar.
14:58 of 1st period - Stopped by Samuel Montembeault with a rebound.
15:14 of 1st period - Brendan Gallagher is hit by Chris Mcallister and loses puck.
15:23 of 1st period - Snap shot by Devante Smith-Pelly.
15:23 of 1st period - Stopped by Andrei Vasilevskiy with a rebound.
15:29 of 1st period - Brett Ponich is hit by Brendan Gallagher and loses puck.
15:40 of 1st period - Justin Schultz is hit by Ondrej Palat and loses puck.
16:01 of 1st period - Patrik Nemeth is hit by Marcus Foligno and loses puck.
16:10 of 1st period - Snap shot by Anze Kopitar.
16:10 of 1st period - Stopped by Samuel Montembeault without a rebound.
16:11 of 1st period - Derek Stepan wins face-off versus Sean Couturier in Rangers zone.
16:12 of 1st period - Wrist shot by Marcus Johansson.
16:12 of 1st period - Stopped by Samuel Montembeault with a rebound.
16:14 of 1st period - Snap shot by Derek Stepan.
16:14 of 1st period - Stopped by Samuel Montembeault with a rebound.
16:16 of 1st period - Slapshot by Ben Lovejoy.
16:16 of 1st period - Shot Misses the Net.
16:38 of 1st period - Anze Kopitar is hit by Tomas Hertl.
18:09 of 1st period - Snap shot by Tomas Hertl.
18:09 of 1st period - Stopped by Andrei Vasilevskiy without a rebound.
18:10 of 1st period - Devante Smith-Pelly wins face-off versus Anze Kopitar in Penguins zone.
18:47 of 1st period - Wrist shot by Sean Couturier.
18:47 of 1st period - Stopped by Andrei Vasilevskiy without a rebound.
18:48 of 1st period - Tomas Hertl wins face-off versus Max Reinhart in Penguins zone.
19:05 of 1st period - Wrist shot by Tomas Hertl.
19:05 of 1st period - Stopped by Andrei Vasilevskiy with a rebound.
19:15 of 1st period - Sean Couturier is hit by Timo Meier and loses puck.
19:44 of 1st period - Ondrej Palat is hit by Justin Schultz and loses puck.
Goals for this period are 1 for Penguins vs 2 for Rangers.
Shots for this period are 13 for Penguins vs 12 for Rangers.
2nd period
0:01 of 2nd period - Sean Couturier wins face-off versus Anze Kopitar in neutral zone.
0:03 of 2nd period - Off-side.
0:04 of 2nd period - Sean Couturier wins face-off versus Anze Kopitar in neutral zone.
0:09 of 2nd period - Slapshot by Milan Lucic.
0:09 of 2nd period - Shot Misses the Net.
0:11 of 2nd period - Wrist shot by Ryan Strome.
0:11 of 2nd period - Shot Blocked by Danny DeKeiser.
0:13 of 2nd period - Snap shot by Sean Couturier.
0:13 of 2nd period - Shot Blocked by Keith Aulie.
0:15 of 2nd period - Slapshot by Jake McCabe.
0:15 of 2nd period - Stopped by Andrei Vasilevskiy without a rebound.
0:16 of 2nd period - Sean Couturier wins face-off versus Anze Kopitar in Penguins zone.
0:43 of 2nd period - Chris Mcallister is hit by Marcus Johansson and loses puck.
0:52 of 2nd period - Cale Makar is hit by Justin Schultz and loses puck.
0:57 of 2nd period - Snap shot by Derek Stepan.
0:57 of 2nd period - Shot Misses the Net.
1:11 of 2nd period - Henrik Samuelsson is hit by Justin Schultz and loses puck.
1:36 of 2nd period - Backhand shot by Cale Makar.
1:36 of 2nd period - Shot Blocked by Ben Lovejoy.
1:38 of 2nd period - Snap shot by Maxime Sauvé.
1:38 of 2nd period - Goal by Maxime Sauvé - Penguins : 1 - Rangers : 3.
1:39 of 2nd period - Anze Kopitar wins face-off versus Sean Couturier in neutral zone.
3:06 of 2nd period - Minor Penalty to Sebastian Aho for Hooking.
3:07 of 2nd period - Sean Couturier wins face-off versus Anze Kopitar in Penguins zone.
5:06 of 2nd period - Penalty to Sebastian Aho is over, Sebastian Aho is back on ice.
5:29 of 2nd period - Snap shot by Marcus Foligno.
5:29 of 2nd period - Shot Misses the Net.
5:31 of 2nd period - Slapshot by Danny DeKeiser.
5:31 of 2nd period - Stopped by Samuel Montembeault with a rebound.
5:45 of 2nd period - Max Reinhart is hit by Maxime Sauvé and loses puck.
5:52 of 2nd period - Danny DeKeiser is hit by Stefan Noesen and loses puck.
6:15 of 2nd period - Snap shot by Marcus Foligno.
6:15 of 2nd period - Shot Misses the Net.
6:17 of 2nd period - Snap shot by Keith Aulie.
6:17 of 2nd period - Shot Blocked by Jake McCabe.
6:19 of 2nd period - Slapshot by Danny DeKeiser.
6:19 of 2nd period - Deflect By Sebastian Aho.
6:19 of 2nd period - Stopped by Samuel Montembeault with a rebound.
6:21 of 2nd period - Slapshot by Keith Aulie.
6:21 of 2nd period - Shot Misses the Net.
6:25 of 2nd period - Slapshot by Sebastian Aho.
6:25 of 2nd period - Stopped by Samuel Montembeault without a rebound.
6:26 of 2nd period - Tomas Hertl wins face-off versus Derek Stepan in Rangers zone.
7:35 of 2nd period - Richard Panik is hit by Marcus Johansson.
8:10 of 2nd period - Richard Panik is hit by Ben Lovejoy and loses puck.
8:44 of 2nd period - Justin Schultz is hit by Henrik Samuelsson.
9:20 of 2nd period - Stefan Noesen is hit by Danny DeKeiser and loses puck.
9:31 of 2nd period - T.J Galiardi is hit by JT Compher and loses puck.
9:46 of 2nd period - Chris Mcallister is hit by Derek Stepan and loses puck.
9:57 of 2nd period - Cal Clutterbuck is hit by Richard Panik and loses puck.
10:22 of 2nd period - Snap shot by Milan Lucic.
10:22 of 2nd period - Stopped by Andrei Vasilevskiy without a rebound.
10:23 of 2nd period - Sean Couturier wins face-off versus Sebastian Aho in Penguins zone.
10:24 of 2nd period - Snap shot by Milan Lucic.
10:24 of 2nd period - Shot Hit the Post.
10:26 of 2nd period - Slapshot by Jake McCabe.
10:26 of 2nd period - Deflect By Oscar Klefbom.
10:26 of 2nd period - Stopped by Andrei Vasilevskiy without a rebound.
10:27 of 2nd period - Marcus Foligno wins face-off versus Milan Lucic in Penguins zone.
10:43 of 2nd period - Wrist shot by Anze Kopitar.
10:43 of 2nd period - Shot Misses the Net.
10:57 of 2nd period - Slapshot by Tomas Hertl.
10:57 of 2nd period - Stopped by Andrei Vasilevskiy with a rebound.
12:00 of 2nd period - Slapshot by Nick Leddy.
12:00 of 2nd period - Stopped by Samuel Montembeault with a rebound.
12:36 of 2nd period - Wrist shot by Ondrej Palat.
12:36 of 2nd period - Stopped by Andrei Vasilevskiy with a rebound.
12:38 of 2nd period - Slapshot by Jake McCabe.
12:38 of 2nd period - Shot Blocked by Brandon Tanev.
12:40 of 2nd period - Wrist shot by Cale Makar.
12:40 of 2nd period - Deflect By Henrik Samuelsson.
12:40 of 2nd period - Stopped by Andrei Vasilevskiy with a rebound.
12:42 of 2nd period - Slapshot by Richard Panik.
12:42 of 2nd period - Deflect By Henrik Samuelsson.
12:42 of 2nd period - Stopped by Andrei Vasilevskiy with a rebound.
14:01 of 2nd period - Justin Schultz is hit by Brett Ponich and loses puck.
14:51 of 2nd period - Wrist shot by Stefan Noesen.
14:51 of 2nd period - Shot Misses the Net.
15:03 of 2nd period - Snap shot by Tomas Hertl.
15:03 of 2nd period - Shot Misses the Net.
15:42 of 2nd period - Ben Lovejoy is hit by Sean Couturier and loses puck.
15:47 of 2nd period - Wrist shot by Milan Lucic.
15:47 of 2nd period - Shot Misses the Net.
15:49 of 2nd period - Slapshot by Patrik Nemeth.
15:49 of 2nd period - Stopped by Andrei Vasilevskiy with a rebound.
16:24 of 2nd period - Keith Aulie is hit by Maxime Sauvé.
17:14 of 2nd period - Devante Smith-Pelly is hit by Keith Aulie and loses puck.
17:33 of 2nd period - Wrist shot by Brandon Tanev.
17:33 of 2nd period - Stopped by Samuel Montembeault without a rebound.
17:34 of 2nd period - Sean Couturier wins face-off versus Max Reinhart in Rangers zone.
18:05 of 2nd period - Wrist shot by Cal Clutterbuck.
18:05 of 2nd period - Stopped by Samuel Montembeault without a rebound.
18:06 of 2nd period - Sean Couturier wins face-off versus Anze Kopitar in Rangers zone.
18:30 of 2nd period - Snap shot by Chris Mcallister.
18:30 of 2nd period - Stopped by Andrei Vasilevskiy without a rebound.
18:31 of 2nd period - Tomas Hertl wins face-off versus Brendan Gallagher in Penguins zone.
18:34 of 2nd period - Snap shot by Tomas Hertl.
18:34 of 2nd period - Stopped by Andrei Vasilevskiy with a rebound.
18:36 of 2nd period - Wrist shot by Tomas Hertl.
18:36 of 2nd period - Shot Misses the Net.
18:38 of 2nd period - Wrist shot by Tomas Hertl.
18:38 of 2nd period - Goal by Tomas Hertl - Penguins : 1 - Rangers : 4.
18:39 of 2nd period - Ryan Strome wins face-off versus Marcus Foligno in neutral zone.
18:44 of 2nd period - Snap shot by Cale Makar.
18:44 of 2nd period - Stopped by Andrei Vasilevskiy without a rebound.
18:45 of 2nd period - Anze Kopitar wins face-off versus Sean Couturier in Penguins zone.
18:50 of 2nd period - Cale Makar is hit by Anze Kopitar and loses puck.
19:21 of 2nd period - Slapshot by Tomas Hertl.
19:21 of 2nd period - Stopped by Andrei Vasilevskiy without a rebound.
19:22 of 2nd period - Sean Couturier wins face-off versus Anze Kopitar in Penguins zone.
19:35 of 2nd period - Backhand shot by Milan Lucic.
19:35 of 2nd period - Stopped by Andrei Vasilevskiy with a rebound.
19:37 of 2nd period - Slapshot by Sean Couturier.
19:37 of 2nd period - Deflect By Oscar Klefbom.
19:37 of 2nd period - Shot Misses the Net.
19:37 of 2nd period - Puck is out of play.
19:38 of 2nd period - Derek Stepan wins face-off versus Devante Smith-Pelly in Penguins zone.
Goals for this period are 0 for Penguins vs 2 for Rangers.
Shots for this period are 6 for Penguins vs 15 for Rangers.
3rd period
0:01 of 3rd period - Anze Kopitar wins face-off versus Sean Couturier in neutral zone.
0:26 of 3rd period - Wrist shot by Henrik Samuelsson.
0:26 of 3rd period - Stopped by Andrei Vasilevskiy with a rebound.
0:48 of 3rd period - Snap shot by Anze Kopitar.
0:48 of 3rd period - Goal by Anze Kopitar - Penguins : 2 - Rangers : 4.
0:49 of 3rd period - Sean Couturier wins face-off versus Derek Stepan in neutral zone.
1:17 of 3rd period - Off-side.
1:18 of 3rd period - Tomas Hertl wins face-off versus Sebastian Aho in neutral zone.
1:21 of 3rd period - Slapshot by Dmitry Kulikov.
1:21 of 3rd period - Deflect By Chris Mcallister.
1:21 of 3rd period - Shot Misses the Net.
1:21 of 3rd period - Puck is out of play.
1:22 of 3rd period - Tomas Hertl wins face-off versus Sebastian Aho in Penguins zone.
1:27 of 3rd period - Wrist shot by Tomas Hertl.
1:27 of 3rd period - Shot Hit the Post.
1:43 of 3rd period - Slapshot by Keith Aulie.
1:43 of 3rd period - Shot Misses the Net.
1:53 of 3rd period - Slapshot by Sebastian Aho.
1:53 of 3rd period - Stopped by Samuel Montembeault without a rebound.
1:54 of 3rd period - Sean Couturier wins face-off versus Anze Kopitar in Rangers zone.
2:22 of 3rd period - Slapshot by Jake McCabe.
2:22 of 3rd period - Stopped by Andrei Vasilevskiy with a rebound.
2:24 of 3rd period - Slapshot by Cale Makar.
2:24 of 3rd period - Shot Misses the Net.
2:26 of 3rd period - Snap shot by Devante Smith-Pelly.
2:26 of 3rd period - Shot Misses the Net.
3:10 of 3rd period - Maxime Sauvé is hit by Pavel Zacha and loses puck.
3:18 of 3rd period - Off-side.
3:19 of 3rd period - Anze Kopitar wins face-off versus Ryan Strome in neutral zone.
3:49 of 3rd period - Snap shot by Devante Smith-Pelly.
3:49 of 3rd period - Stopped by Andrei Vasilevskiy without a rebound.
3:50 of 3rd period - Tomas Hertl wins face-off versus Marcus Johansson in Penguins zone.
4:11 of 3rd period - Chris Mcallister is hit by Brendan Gallagher and loses puck.
5:04 of 3rd period - Wrist shot by Tomas Hertl.
5:04 of 3rd period - Shot Misses the Net.
5:06 of 3rd period - Snap shot by Tomas Hertl.
5:06 of 3rd period - Stopped by Andrei Vasilevskiy without a rebound.
5:07 of 3rd period - Sean Couturier wins face-off versus Anze Kopitar in Penguins zone.
5:08 of 3rd period - Wrist shot by Cale Makar.
5:08 of 3rd period - Shot Misses the Net.
5:10 of 3rd period - Slapshot by Jake McCabe.
5:10 of 3rd period - Stopped by Andrei Vasilevskiy without a rebound.
5:11 of 3rd period - Sean Couturier wins face-off versus Anze Kopitar in Penguins zone.
5:16 of 3rd period - Slapshot by Sean Couturier.
5:16 of 3rd period - Deflect By Ryan Strome.
5:16 of 3rd period - Shot Misses the Net.
5:16 of 3rd period - Puck is out of play.
5:17 of 3rd period - Ryan Strome wins face-off versus Anze Kopitar in Penguins zone.
5:21 of 3rd period - Minor Penalty to Marcus Foligno for Interference.
5:22 of 3rd period - Sean Couturier wins face-off versus Anze Kopitar in Penguins zone.
5:22 of 3rd period - Slapshot by Cale Makar.
5:22 of 3rd period - Goal by Cale Makar - Penguins : 2 - Rangers : 5.
5:23 of 3rd period - Sean Couturier wins face-off versus Anze Kopitar in neutral zone.
5:58 of 3rd period - Snap shot by Max Reinhart.
5:58 of 3rd period - Stopped by Samuel Montembeault without a rebound.
5:59 of 3rd period - Tomas Hertl wins face-off versus Max Reinhart in Rangers zone.
6:17 of 3rd period - Icing by Oscar Klefbom.
6:18 of 3rd period - Sean Couturier wins face-off versus Cal Clutterbuck in Penguins zone.
6:34 of 3rd period - Oscar Klefbom is hit by Sean Couturier and loses puck.
6:57 of 3rd period - Snap shot by Marcus Foligno.
6:57 of 3rd period - Shot Misses the Net.
6:59 of 3rd period - Slapshot by Oscar Klefbom.
6:59 of 3rd period - Shot Blocked by Chris Mcallister.
7:11 of 3rd period - Snap shot by Marcus Johansson.
7:11 of 3rd period - Deflect By Derek Stepan.
7:11 of 3rd period - Shot Blocked by Ondrej Palat.
7:11 of 3rd period - Puck is out of play.
7:12 of 3rd period - Derek Stepan wins face-off versus Henrik Samuelsson in Rangers zone.
7:15 of 3rd period - Snap shot by Brendan Gallagher.
7:15 of 3rd period - Stopped by Samuel Montembeault with a rebound.
7:17 of 3rd period - Wrist shot by Brendan Gallagher.
7:17 of 3rd period - Shot Misses the Net.
7:19 of 3rd period - Slapshot by Brendan Gallagher.
7:19 of 3rd period - Stopped by Samuel Montembeault with a rebound.
7:21 of 3rd period - Snap shot by Derek Stepan.
7:21 of 3rd period - Shot Misses the Net.
7:23 of 3rd period - Slapshot by Keith Aulie.
7:23 of 3rd period - Shot Hit the Post.
7:49 of 3rd period - Snap shot by Ondrej Palat.
7:49 of 3rd period - Stopped by Andrei Vasilevskiy without a rebound.
7:50 of 3rd period - Sean Couturier wins face-off versus Timo Meier in Penguins zone.
8:03 of 3rd period - Snap shot by Anze Kopitar.
8:03 of 3rd period - Shot Misses the Net.
8:05 of 3rd period - Backhand shot by Timo Meier.
8:05 of 3rd period - Stopped by Samuel Montembeault with a rebound.
8:23 of 3rd period - Cal Clutterbuck is hit by Devante Smith-Pelly and loses puck.
8:44 of 3rd period - Snap shot by Stefan Noesen.
8:44 of 3rd period - Stopped by Andrei Vasilevskiy without a rebound.
8:45 of 3rd period - Sean Couturier wins face-off versus Sebastian Aho in Penguins zone.
8:53 of 3rd period - Icing by Keith Aulie.
8:54 of 3rd period - Sean Couturier wins face-off versus Sebastian Aho in Penguins zone.
8:59 of 3rd period - Snap shot by Milan Lucic.
8:59 of 3rd period - Stopped by Andrei Vasilevskiy without a rebound.
9:00 of 3rd period - Sean Couturier wins face-off versus Anze Kopitar in Penguins zone.
9:09 of 3rd period - Snap shot by Milan Lucic.
9:09 of 3rd period - Shot Misses the Net.
9:17 of 3rd period - Milan Lucic is hit by Danny DeKeiser and loses puck.
10:38 of 3rd period - Off-side.
10:39 of 3rd period - Timo Meier wins face-off versus Sean Couturier in neutral zone.
10:48 of 3rd period - Slapshot by Marcus Foligno.
10:48 of 3rd period - Shot Blocked by Sean Couturier.
10:50 of 3rd period - Snap shot by Anze Kopitar.
10:50 of 3rd period - Stopped by Samuel Montembeault without a rebound.
10:51 of 3rd period - Anze Kopitar wins face-off versus Sean Couturier in Rangers zone.
11:02 of 3rd period - Jake McCabe is hit by Justin Schultz and loses puck.
11:12 of 3rd period - Minor Penalty to Justin Schultz for Goalie Interference.
11:13 of 3rd period - Anze Kopitar wins face-off versus Sean Couturier in Penguins zone.
11:13 of 3rd period - Anze Kopitar is hit by Sean Couturier.
11:21 of 3rd period - Cale Makar is hit by Cal Clutterbuck and loses puck.
11:40 of 3rd period - Keith Aulie is hit by Cale Makar and loses puck.
11:59 of 3rd period - Slapshot by Anze Kopitar.
11:59 of 3rd period - Stopped by Samuel Montembeault without a rebound.
12:00 of 3rd period - Sean Couturier wins face-off versus Max Reinhart in Rangers zone.
13:12 of 3rd period - Penalty to Justin Schultz is over, Justin Schultz is back on ice.
14:03 of 3rd period - Minor Penalty to Brendan Gallagher for Holding.
14:04 of 3rd period - Sean Couturier wins face-off versus Anze Kopitar in Penguins zone.
14:18 of 3rd period - Slapshot by Cale Makar.
14:18 of 3rd period - Shot Blocked by Keith Aulie.
14:20 of 3rd period - Slapshot by Sean Couturier.
14:20 of 3rd period - Shot Misses the Net.
14:36 of 3rd period - Snap shot by Ondrej Palat.
14:36 of 3rd period - Stopped by Andrei Vasilevskiy with a rebound.
14:38 of 3rd period - Slapshot by Dmitry Kulikov.
14:38 of 3rd period - Shot Blocked by Keith Aulie.
15:00 of 3rd period - Devante Smith-Pelly is hit by Oscar Klefbom and loses puck.
16:03 of 3rd period - Penalty to Brendan Gallagher is over, Brendan Gallagher is back on ice.
16:17 of 3rd period - T.J Galiardi is hit by Max Reinhart and loses puck.
17:12 of 3rd period - Henrik Samuelsson is hit by Ben Lovejoy and loses puck.
18:06 of 3rd period - Brett Ponich is hit by Anze Kopitar and loses puck.
18:25 of 3rd period - Wrist shot by Sebastian Aho.
18:25 of 3rd period - Shot Hit the Post.
18:27 of 3rd period - Slapshot by Justin Schultz.
18:27 of 3rd period - Shot Misses the Net.
18:53 of 3rd period - Brett Ponich is hit by Timo Meier.
19:12 of 3rd period - Brandon Tanev is hit by Maxime Sauvé.
19:24 of 3rd period - Icing by Max Reinhart.
19:25 of 3rd period - Sean Couturier wins face-off versus Brandon Tanev in Penguins zone.
19:38 of 3rd period - Snap shot by Sean Couturier.
19:38 of 3rd period - Shot Misses the Net.
Goals for this period are 1 for Penguins vs 1 for Rangers.
Shots for this period are 8 for Penguins vs 10 for Rangers.